 Dungeon Crawl Stone Soup version 0.20-a0-1016-g241539b (webtiles) character file.

79 FastMan the Shield-Bearer (level 4, 33/33 HPs)
             Began as a Formicid Fighter on Apr 16, 2017.
             Was a Follower of Hepliaklqana.
             Quit the game on level 2 of the Dungeon.
             The game lasted 00:00:43 (1069 turns).

FastMan the Shield-Bearer (Formicid Fighter)        Turns: 1069, Time: 00:00:44

Health: 33/33      AC:  6    Str: 20    XL:     4   Next: 64%
Magic:  4/4        EV:  8    Int:  8    God:    Hepliaklqana [*.....]
Gold:   62         SH:  9    Dex: 11    Spells: 3/3 levels left

rFire    . . .     SeeInvis +   a - +0 war axe
rCold    . . .     Gourm    .   c - +0 shield
rNeg     . . .     Faith    .   b - +0 scale mail
rPois    .         Spirit   .   (helmet unavailable)
rElec    .         Reflect  .   (no cloak)
rCorr    .         Harm     .   (no gloves)
MR       .....                  (no boots)
Stlth    ..........             (no amulet)
Regen    0.2/turn               (no ring)
MPRegen  0.1/turn               (no ring)

@: no status effects
A: permanent stasis, dig shafts and tunnels, four strong arms, reduced essence,
antennae 3
a: Dig, Shaft Self, Recall Ancestor, Ancestor Identity, Renounce Religion


You were on level 2 of the Dungeon.
You worshipped Hepliaklqana.
Hepliaklqana was aware of your devotion.
You were hungry.

You visited 1 branch of the dungeon, and saw 2 of its levels.

You collected 62 gold pieces.

Inventory:

Hand Weapons
 a - a +0 war axe (weapon)
Armour
 b - a +0 scale mail (worn)
 c - a +0 shield (worn)
Scrolls
 e - a scroll of teleportation {unknown}
 g - 4 scrolls of identify {unknown}
 j - 2 scrolls of magic mapping {unknown}
 l - a scroll of recharging {unknown}
 m - a scroll of enchant weapon {unknown}
Potions
 d - a potion of might {@q4}
Comestibles
 f - 2 bread rations {@e1}
 h - 2 royal jellies {@e3}
 k - 2 meat rations {@e2}


   Skills:
 + Level 4.1 Fighting
 * Level 3.3 Axes
 - Level 3.2 Armour
 + Level 4.3 Shields


You had 3 spell levels left.
You didn't know any spells.

Dungeon Overview and Level Annotations

Branches:
Dungeon (2/15)

Altars:
Hepliaklqana


Innate Abilities, Weirdness & Mutations

You cannot be hasted, slowed, berserked, paralysed or teleported.
You can dig through walls and to a lower floor.
Your four strong arms can wield two-handed weapons with a shield.
You have a pair of large antennae on your head. (SInv)
Your life essence is reduced. (-10% HP)


Message History

All of the chunks of flesh in your inventory have rotted away.
You start resting.
You are feeling hungry.
Unknown command.
You start resting.
HP restored.
There is a faded altar of an unknown god here.
You cannot tell which god this altar belongs to.
Convert to them anyway?
Hepliaklqana accepts your prayer! Hepliaklqana welcomes you!
Hepliaklqana forms a fragment of your life essence into the memory of your ancestor, Nebetia!
You can now recall your ancestor.
You can now remember your ancestor's identity.
Unknown command.
Press < or > to pray at altars.
Unknown command.
Press < or > to pray at altars.
Unknown command.
Press < or > to pray at altars.
Are you sure you want to abandon this character and quit the game? (Confirm with "yes".)

#.#
#.............
#.##
#####....<####
#..#
##........
##.# #########
##.# #.##
##.## ##.#
##@## #R## ###
##.## ...#
##.##!#.#
#.##....
#.#)#.#.#
#.††)..>#
#####.### #


You could see the friendly Nebetia the ancestor.

Vanquished Creatures
  3 gnolls (D:2)
  2 adders (D:2)
  An ooze (D:1)
  A worm (D:1)
  A dart slug (D:2)
  A leopard gecko (D:2)
  A giant cockroach (D:2)
  A goblin (D:1)
  4 hobgoblins
  3 kobolds
  A ball python (D:1)
  3 bats
  2 frilled lizards
  4 rats
28 creatures vanquished.

Notes
Turn   | Place    | Note
-------+----------+-------------------------------------------
     0 | D:1      | FastMan the Formicid Fighter began the quest for the Orb.
     0 | D:1      | Reached XP level 1. HP: 18/18 MP: 1/1
    50 | D:1      | Reached XP level 2. HP: 24/24 MP: 2/2
   382 | D:2      | Reached XP level 3. HP: 15/30 MP: 3/3
   637 | D:2      | Reached XP level 4. HP: 32/37 MP: 4/4
   754 | D:2      | Found a faded altar of an unknown god.
  1068 | D:2      | Became a worshipper of Hepliaklqana the Forgotten
  1068 | D:2      | Reached * piety under Hepliaklqana
  1069 | D:2      | Quit the game

Vault maps used:
D:1:      evilmike_arrival_run_for_it
D:2:      chequers_ecumenical_altar_twisty

Skill      XL: |  1  2  3  4 |
---------------+-------------+-----
Shields        | 4 |  4.3
Axes           | 3 |  3.3
Fighting       | 4 |  4.1
Armour         | |  3.2

Action                   |  1- 3 |  4- 6 || total
-------------------------+-------+-------++-------
Melee: War axe           |    79 |    18 ||    97
Armor: Scale mail        |    39 |     4 ||    43
Dodge: Dodged            |    39 |     4 ||    43
Block: Shield            |    62 |    13 ||    75
